 Dungeon Crawl Stone Soup version 0.26-a0-812-g31a745ddcd (webtiles) character file.

Game seed: 17185300007229562770

74399 kae the Spry (level 15, -10/98 HPs)
             Began as a Tengu Transmuter on Nov 17, 2020.
             Was a High Priest of Wu Jian.
             Mangled by a cyan ugly thing (16 damage)
             ... on level 13 of the Dungeon.
             The game lasted 00:29:40 (36576 turns).

kae the Spry (Tengu Transmuter)                    Turns: 36576, Time: 00:29:41

Health: -10/98     AC: 10    Str: 22    XL:     15   Next: 46%
Magic:  16/19      EV: 26    Int: 15    God:    Wu Jian [*****.]
Gold:   1118       SH:  0    Dex: 14    Spells: 9/22 levels left

rFire    + . .     SeeInvis .     - Unarmed
rCold    . . .     Faith    .   (shield currently unavailable)
rNeg     . . .     Spirit   .   t - +0 acid dragon scales
rPois    .         Reflect  .   e - +2 hat
rElec    .         Harm     .   (no cloak)
rCorr    +         Rampage  .   (gloves currently unavailable)
MR       +....                  (boots unavailable)
Stlth    +.........             T - amulet of the acrobat
HPRegen  0.26/turn              A - +6 ring of strength
MPRegen  0.16/turn              k - ring of protection from fire

@: blade hands (expiring), flying quickly and evasively, quick
A: beak, talons 3, rugged brown scales 1, low mp 1, able to fly
a: Stop Flying, End Transformation, Wall Jump, Serpent's Lash, Heavenly Storm,
Renounce Religion


You were on level 13 of the Dungeon.
You worshipped Wu Jian.
Wu Jian was extremely pleased with you.
You had blades for hands.
You visited 3 branches of the dungeon, and saw 21 of its levels.
You also visited: Ossuary and Bailey.

You collected 1213 gold pieces.
You spent 95 gold pieces at shops.

Inventory:

Hand Weapons
 u - a +1 vorpal halberd
Armour
 a - a +1 robe
 e - a +2 hat (worn)
 t - +0 acid dragon scales (worn)
 z - a scarf of resistance
 B - a +1 cloak
Jewellery
 c - an uncursed ring of protection from cold
 j - an uncursed ring of protection from cold
 k - a ring of protection from fire (right scythe-like blade)
 s - an uncursed ring of protection from magic
 A - a +6 ring of strength (left scythe-like blade)
 C - an uncursed ring of ice
 G - an uncursed ring of ice
 M - an uncursed ring of positive energy {unknown}
 N - an uncursed ring of magical power
 R - the ring "Poveuf" {rF+ rN+ Int+6 Dex-3}
   (You found it on level 5 of the Lair of Beasts)

   [ring of protection from fire]

   It affects your intelligence (+6).
   It affects your dexterity (-3).
   It protects you from fire.
   It protects you from negative energy.
 T - an amulet of the acrobat (around neck)
Wands
 x - a wand of disintegration (13)
 y - a wand of paralysis (7)
 D - a wand of random effects (46)
 E - a wand of polymorph (14)
 F - a wand of enslavement (23)
 H - a wand of acid (18)
 O - a wand of flame (21)
 U - a wand of iceblast (9)
Scrolls
 f - 4 scrolls of teleportation
 h - 3 scrolls of enchant weapon
 l - 11 scrolls of remove curse
 p - 5 scrolls of magic mapping
 q - a scroll of silence
 r - 8 scrolls of identify
 v - 3 scrolls of amnesia
 w - 3 scrolls of fog
 I - 2 scrolls of holy word
 L - a scroll of brand weapon
Potions
 b - 4 potions of lignification
 d - 3 potions of might {unknown}
 g - 4 potions of attraction
 i - 2 potions of mutation
 m - 5 potions of brilliance
 n - 4 potions of berserk rage
 o - 11 potions of curing
 J - 2 potions of haste
 K - a potion of magic
 Q - 2 potions of cancellation
 S - a potion of resistance
 V - a potion of ambrosia


   Skills:
 - Level 12.0 Fighting
 - Level 6.0 Armour
 + Level 15.8 Dodging
 - Level 12.0 Unarmed Combat
 - Level 4.0 Spellcasting
 - Level 11.0 Transmutations
 - Level 3.0 Ice Magic
 - Level 2.0 Poison Magic
 - Level 6.0 Evocations


You had 9 spell levels left.
You knew the following spells:

 Your Spells              Type           Power        Failure   Level
a - Beastly Appendage     Tmut           #####.       10%         1
b - Spider Form           Tmut/Pois      ###.......   32%         3
c - Blade Hands           Tmut           #####.....   38%         5
d - Ice Form              Ice/Tmut       ###.....     50%         4

Your spell library contained the following spells:

 Spells                   Type           Power        Failure   Level
 Wereblood                Tmut           #####...     11%         2
 Ensorcelled Hibernation  Hex/Ice        #.....       61%         2
 Animate Skeleton         Necr           #.....       65%         1
 Corona                   Hex            #......      65%         1
 Magic Dart               Conj           #...         65%         1
 Pain                     Necr           #...         65%         1
 Petrify                  Tmut/Erth      ###.....     65%         4
 Searing Ray              Conj           #.....       75%         2
 Confusing Touch          Hex            #.......     89%         3
 Dazzling Flash           Conj/Hex       #.....       89%         3
 Gell's Gravitas          Tloc           #.........   89%         3
 Tukima's Dance           Hex            #.......     89%         3
 Vampiric Draining        Necr           #.........   89%         3
 Yara's Violent Unravell  Hex/Tmut       ###.......   89%         5
 Animate Dead             Necr           #.........   99%         4
 Fulminant Prism          Conj/Hex       #.........   99%         4
 Iskenderun's Mystic Bla  Conj/Tloc      #.......     99%         4
 Agony                    Necr           #.......     100%        5
 Metabolic Englaciation   Hex/Ice        #.........   100%        5


Dungeon Overview and Level Annotations

Branches:
Dungeon (14/15)            Temple (1/1) D:7            Lair (6/6) D:11
  Swamp (0/4) Lair:4        Snake (0/4) Lair:4        Slime (0/5) Lair:6
    Orc (0/2) D:10        Ossuary (visited)          Bailey (visited)
 Vaults: D:13-14

Altars:
Ashenzari
Cheibriados
Dithmenos
Elyvilon
Fedhas
Gozag
Hepliaklqana
Kikubaaqudgha
Makhleb
Nemelex Xobeh
Okawaru
Qazlal
Ru
Sif Muna
Trog
Uskayaw
Vehumet
Wu Jian
Xom
Yredelemnul
Zin
The Shining One
Jiyva

Shops:
D:9 *[=*

Annotations:
D:7 2 transporters
D:9 1 runed translucent door, p0werm0de's ghost, novice GrFi
Lair:6 3 runed translucent doors, Killmatronix's ghost, journeyman SpBe


Innate Abilities, Weirdness & Mutations

You have a beak for a mouth.
You have claws for feet.
You can fly continuously.
You are partially covered in rugged brown scales. (AC +1, +3% HP)
Your magical capacity is low. (-10% MP)


Message History

You are too injured to fight recklessly!
You slash the cyan ugly thing! You claw the cyan ugly thing.
The cyan ugly thing is heavily wounded.
The cyan ugly thing engulfs you. The cyan ugly thing shocks you!
You are too injured to fight recklessly!
You are too injured to fight recklessly!
You barely miss the cyan ugly thing. Your slash misses the cyan ugly thing.
The cyan ugly thing is heavily wounded.
Your transformation is almost over.
You slash the cyan ugly thing! Your slash misses the cyan ugly thing.
The cyan ugly thing is severely wounded.
The cyan ugly thing engulfs you! The cyan ugly thing shocks you!
* * * LOW HITPOINT WARNING * * *
You hit the cyan ugly thing but do no damage.
You peck the cyan ugly thing.
The cyan ugly thing is severely wounded.
The cyan ugly thing engulfs you!
* * * LOW HITPOINT WARNING * * *
The cyan ugly thing shocks you!
You die...

#####.#..#.'.#..###...#.#........
#......###........#.#.......[
####...# ##'#######.#########
##.'.#.# #.................(
#..#...####......##...##.....
####......#......#######...##
#.......#.#......#....##...##
####.#.......#u.....#....##.....
#..#....#.####.@....####'##.....
#..#......#.##......#.....#...##
#..#......#.####(####.....#...##
##'##......'.###...# #...#.#.....
#........#.#...#..(# #...#.#.....
#.##.....#.#)..#.#.# #....)#.....
#.##.###...#...#...# #.....######
#....#.#...#...#...# #..#.......#
#....+.#.#.#...#.#.# #..........#


You could see a cyan ugly thing.

Vanquished Creatures
  Gastronok (D:10)
  Nessos (D:12)
  Snorg (D:10)
  Fannar (D:10)
  Harold (D:10)
  8 hydras
  3 boulder beetles
  A merfolk avatar (Lair:6)
  2 centaur warriors (D:13)
  4 two-headed ogres
  11 death yaks
  A tengu warrior (D:13)
  Urug (D:13)
  Nergalle (D:12)
  2 unseen horrors
  A sea snake (Lair:6)
  A lindwurm (Lair:6)
  A harpy (Lair:6)
  A wolf spider zombie (D:14)
  An orc knight (Bailey)
  A deep elf mage (D:13)
  A cyclops (D:13)
  3 ugly things
  8 manticores
  5 black mambas
  Psyche (D:10)
  Maurice (D:12)
  3 torpor snails
  7 elephants (Lair:6)
  Maggie (D:7)
  18 cane toads
  4 centaur skeletons
  5 rime drakes (Lair:6)
  A freezing wraith (D:13)
  12 komodo dragons
  A jumping spider (shapeshifter) (D:13)
  A tengu conjurer (D:13)
  5 trolls
  5 polar bears
  A hornet (Lair:6)
  11 dream sheep
  12 slime creatures
  A meliai zombie (D:12)
  9 wyverns
  A wraith (D:12)
  34 yaks
  A shadow (D:12)
  4 basilisks
  3 vampire mosquitoes (D:12)
  19 water moccasins
  2 wargs (D:11)
  10 orc warriors
  5 ice beasts
  A phantom (D:10)
  4 sky beasts
  4 black bears
  An eye of draining (shapeshifter) (D:13)
  3 ogres
  6 wolves
  3 centaurs
  A necrophage (D:8)
  2 elf zombies
  14 bullfrogs
  A gnoll sergeant (D:9)
  A water moccasin zombie (D:10)
  A scorpion (D:10)
  9 killer bees
  12 wights
  5 electric eels
  2 centaur zombies
  7 human zombies
  4 jellies
  9 hounds
  A quasit (D:12)
  8 orc priests
  A bullfrog skeleton (D:9)
  3 iguanas
  13 orc wizards
  10 worker ants
  A killer bee zombie (D:5)
  A big kobold zombie (Ossuary)
  A hound skeleton (D:4)
  6 mummies
  13 adders
  18 gnolls
  A shadow imp (D:7)
  2 adder zombies
  2 worms
  3 dart slugs
  8 leopard geckos
  54 orcs
  3 bats
  8 giant cockroaches
  3 goblins
  9 hobgoblins
  18 jackals
  5 quokkas
  3 ball pythons
  2 frilled lizards
  A goblin zombie (Ossuary)
  5 hobgoblin zombies (Ossuary)
  A jackal skeleton (D:4)
  8 kobolds
  11 kobold zombies (Ossuary)
  11 orc zombies (Ossuary)
  A quokka skeleton (D:5)
  2 quokka zombies
  6 rats
  4 rat zombies (Ossuary)
577 creatures vanquished.

Vanquished Creatures (others)
  56 fungi
  73 plants
129 creatures vanquished.

Grand Total: 706 creatures vanquished

Notes
Turn   | Place    | Note
-------+----------+-------------------------------------------
     0 | D:1      | kae the Tengu Transmuter began the quest for the Orb.
     0 | D:1      | Reached XP level 1. HP: 12/12 MP: 4/4
   352 | D:1      | Reached XP level 2. HP: 14/16 MP: 4/6
  1026 | D:2      | Reached XP level 3. HP: 17/20 MP: 5/7
  1031 | D:2      | Learned a level 3 spell: Spider Form
  1744 | D:3      | Reached skill level 1 in Poison Magic
  1839 | D:3      | Reached XP level 4. HP: 25/25 MP: 6/8
  1936 | D:3      | Found a white marble altar of Elyvilon.
  1936 | D:3      | Found a shimmering altar of Xom.
  2007 | D:3      | Found a broken altar of Ashenzari.
  2287 | D:3      | Noticed a centaur
  2297 | D:3      | Killed a centaur
  2297 | D:3      | Gained mutation: You can fly continuously. [Tengu growth]
  2297 | D:3      | Reached XP level 5. HP: 29/29 MP: 9/9
  3066 | D:4      | Noticed an ogre
  3074 | D:4      | Killed an ogre
  3074 | D:4      | Reached XP level 6. HP: 9/34 MP: 10/10
  3922 | D:3      | Reached skill level 5 in Unarmed Combat
  4093 | D:4      | Found an iron altar of Okawaru.
  4244 | D:4      | Reached XP level 7. HP: 38/38 MP: 7/11
  4732 | D:5      | Entered Level 5 of the Dungeon
  4755 | D:5      | Gained mutation: Your magical capacity is low. (-10% MP)
                  | [potion of mutation]
  4755 | D:5      | Gained mutation: You are partially covered in rugged brown
                  | scales. (AC +1, +3% HP) [potion of mutation]
  4996 | D:5      | Reached skill level 5 in Transmutations
  5711 | D:5      | Found a broken altar of Ashenzari.
  6250 | D:6      | Reached XP level 8. HP: 31/44 MP: 7/10
  7118 | D:6      | Found a burning altar of Makhleb.
  7507 | D:7      | Found a staircase to the Ecumenical Temple.
  7794 | D:7      | Found a transporter.
  7795 | D:7      | Noticed a vampire
  7797 | D:7      | Noticed a boulder beetle
  7798 | D:7      | Found a transporter.
  7798 | D:7      | Found a sparkling altar of Nemelex Xobeh.
  7915 | D:7      | Found a sand-covered staircase.
  7920 | Ossuary  | Entered an ossuary
  8341 | Ossuary  | Reached XP level 9. HP: 31/48 MP: 9/11
  9246 | D:7      | Noticed Maggie
  9269 | D:7      | HP: 1/48 [Maggie/+1 halberd of flaming (8)]
  9270 | D:7      | Killed Maggie
  9972 | D:8      | Noticed a cyan ugly thing
 10008 | Temple   | Entered the Ecumenical Temple
 10147 | Temple   | Became a worshipper of the Wu Jian Council
 10204 | D:8      | Noticed a troll
 10238 | D:7      | Learned a level 5 spell: Blade Hands
 10266 | D:8      | HP: 2/48 [cyan ugly thing (16)]
 10267 | D:8      | Killed a cyan ugly thing
 11056 | D:8      | Noticed a two-headed ogre
 11382 | D:7      | Killed a troll
 11382 | D:7      | Reached XP level 10. HP: 36/53 MP: 6/12
 11714 | D:8      | Found a hazy altar of Hepliaklqana.
 11848 | D:8      | Killed a two-headed ogre
 11848 | D:8      | Reached skill level 10 in Transmutations
 12117 | D:8      | Found a basalt altar of Yredelemnul.
 12749 | D:8      | Found a hazy altar of Hepliaklqana.
 12798 | D:8      | Found a basalt altar of Yredelemnul.
 13003 | D:9      | Found Ynuamuyve's Assorted Antiques.
 13017 | D:9      | Bought an opal ring for 95 gold pieces
 13059 | D:9      | Reached skill level 10 in Unarmed Combat
 13091 | D:9      | Reached * piety under Wu Jian
 13319 | D:9      | Found a flagged portal.
 13328 | Bailey   | Entered a bailey
 13432 | Bailey   | Found an iron altar of Okawaru.
 13432 | Bailey   | Noticed a kobold demonologist
 13432 | Bailey   | Noticed an orc high priest
 13433 | Bailey   | Noticed a sun demon
 13459 | Bailey   | Noticed an orc knight
 13468 | Bailey   | Killed an orc knight
 13468 | Bailey   | Reached skill level 3 in Dodging
 14225 | D:9      | Reached skill level 4 in Dodging
 14269 | D:9      | Found Fottiete's Armour Shoppe.
 14424 | D:9      | Reached skill level 5 in Dodging
 14578 | D:9      | Found a sacrificial altar of Ru.
 14580 | D:9      | Found Numiume's General Store.
 14609 | D:9      | Reached XP level 11. HP: 62/62 MP: 7/13
 14707 | D:9      | Found Dehoxe's Jewellery Boutique.
 14830 | D:9      | Found a runed translucent door.
 14836 | D:9      | Noticed p0werm0de's ghost (novice GrFi)
 14836 | D:9      | Identified the cursed +1 spear "Cerool" {elec, Str+4
                  | Stlth+}
 14977 | D:10     | Entered Level 10 of the Dungeon
 15039 | D:10     | Noticed a two-headed ogre
 15044 | D:10     | Killed a two-headed ogre
 15044 | D:10     | Reached skill level 5 in Fighting
 15044 | D:10     | Reached skill level 6 in Dodging
 15134 | D:10     | Noticed Gastronok
 15156 | D:10     | Killed Gastronok
 15156 | D:10     | Reached skill level 7 in Dodging
 15471 | D:10     | Noticed Snorg
 15486 | D:10     | Killed Snorg
 15613 | D:10     | Found a staircase to the Orcish Mines.
 15615 | D:10     | Noticed Fannar
 15629 | D:10     | Reached ** piety under Wu Jian
 15644 | D:10     | Killed Fannar
 15644 | D:10     | Reached skill level 8 in Dodging
 15726 | D:10     | Noticed Harold
 15747 | D:10     | Killed Harold
 16022 | D:10     | Noticed Psyche
 16034 | D:10     | Killed Psyche
 16238 | D:11     | Reached skill level 9 in Dodging
 16249 | D:11     | Reached XP level 12. HP: 49/76 MP: 10/14
 16522 | D:11     | Found a staircase to the Lair.
 16554 | Lair:1   | Entered Level 1 of the Lair of Beasts
 17524 | D:11     | Reached skill level 10 in Dodging
 18007 | D:11     | Reached *** piety under Wu Jian
 18656 | Lair:1   | Noticed a six-headed hydra
 19471 | Lair:1   | Learned a level 4 spell: Ice Form
 19576 | Lair:2   | Reached skill level 1 in Ice Magic
 19816 | Lair:2   | Reached skill level 10 in Fighting
 19819 | Lair:2   | Reached skill level 1 in Evocations
 20212 | Lair:2   | Killed a six-headed hydra
 20947 | Lair:3   | HP: 2/79 [dream sheep[a torpor snail] (12)]
 21375 | Lair:3   | Reached skill level 5 in Evocations
 21668 | Lair:3   | Reached XP level 13. HP: 51/84 MP: 6/15
 22232 | Lair:3   | Reached skill level 1 in Armour
 22588 | Lair:3   | Reached **** piety under Wu Jian
 23298 | Lair:4   | Found a staircase to the Swamp.
 23368 | Lair:4   | Found a staircase to the Snake Pit.
 23560 | Lair:4   | Reached skill level 11 in Dodging
 26271 | Lair:5   | Got a sparkling marble ring
 26272 | Lair:5   | Identified the ring "Poveuf" {rF+ rN+ Int+6 Dex-3} (You
                  | found it on level 5 of the Lair of Beasts)
 26369 | Lair:5   | Reached XP level 14. HP: 69/92 MP: 14/19
 26746 | Lair:6   | Entered Level 6 of the Lair of Beasts
 26766 | Lair:6   | Reached skill level 5 in Armour
 27749 | Lair:6   | Reached skill level 12 in Dodging
 27842 | Lair:6   | Reached ***** piety under Wu Jian
 28999 | Lair:6   | Found a viscous altar of Jiyva.
 29026 | Lair:6   | Found a staircase to the Slime Pits.
 29727 | Lair:6   | Found a runed translucent gate.
 29729 | Lair:6   | Found a runed translucent gate.
 29729 | Lair:6   | Found a runed translucent gate.
 29733 | Lair:6   | Found a viscous altar of Jiyva.
 29733 | Lair:6   | Noticed Killmatronix's ghost (journeyman SpBe)
 29762 | Lair:6   | Reached skill level 13 in Dodging
 30110 | Lair:6   | Found an ancient bone altar of Kikubaaqudgha.
 30477 | D:12     | Noticed Nergalle
 30481 | D:12     | Killed Nergalle
 30862 | D:12     | Noticed Maurice
 30880 | D:12     | Killed Maurice
 31123 | D:12     | Noticed Nessos
 31130 | D:12     | Reached XP level 15. HP: 98/98 MP: 14/19
 31139 | D:12     | Killed Nessos
 31139 | D:12     | Reached skill level 14 in Dodging
 33081 | D:13     | Reached skill level 15 in Dodging
 33699 | D:13     | Noticed Urug
 33708 | D:13     | Killed Urug
 33763 | D:13     | Found an iron altar of Okawaru.
 35017 | D:13     | Found an iron altar of Okawaru.
 35623 | D:13     | Found an iron altar of Okawaru.
 36576 | D:13     | Mangled by a cyan ugly thing

Illustrated notes

Levels and vault maps discovered:
D:1:      matt_arrival_refuge, layout_basic, st_stairs_7
D:2:      layout_loops_cross
D:3:      layout_loops_ring, gammafunk_temple_overflow_elements,
          grunt_ministairs_6, minivault_23, st_stairs_12,
          nicolae_ashenzari_panopticon
D:4:      layout_cave_pods, okawaru_gym_becter, minmay_diced_spiral
D:5:      layout_rooms, marbit_many_paths, gup_sewer_entry_pipe
D:6:      layout_loops_ring, roderic_lattice_a, corexii_hall_statues_l,
          lemuel_altar_in_water
D:7:      layout_loops_ring, gammafunk_temple_overflow_arena, temple_pool_b,
          enter_ossuary_5, uniq_maggie
D:8:      layout_cave_pools, lemuel_mausoleum_altar_yredelemnul, kennysheep_mini
D:9:      layout_basic, overflow_temple_1_default, enter_bailey_8, serial_shops,
          nicolae_shop_statue_plus, shop, shop, nicolae_shop_stone,
          ebering_ghost_funeral_grove, hangedman_decor_push
D:10:     layout_rooms, david_orc_3, uniq_gastronok, uniq_fannar, uniq_harold,
          uniq_psyche, uniq_snorg
D:11:     layout_long_grid, erik_lair_orcish_takeover
D:12:     layout_basic, uniq_nergalle, uniq_maurice, uniq_nessos
D:13:     layout_stronghold, basic_altar, uniq_urug
D:14:     layout_cross, david_vaults_2, nicolae_gozag_seed_capital,
          uniq_josephine
Temple:   jpeg_temple_clearing
Lair:1:   layout_cave_pods, nicolae_quartered_pool_medium,
          grunt_forest_small_clearing_treed, lemuel_fruit_tree,
          infiniplex_staircase_pool, grunt_megastairs_3, lemuel_fruit_fields
Lair:2:   layout_cave_pods
Lair:3:   layout_regular_city, cheibrodos_lair_caveside_slide,
          beast_lair_carwin_10
Lair:4:   layout_cave_shapes, swamp_mist, dummy_snake_entry
Lair:5:   layout_roguey, chequers_serial_rivers_small_3
Lair:6:   gammafunk_lair_ancient_temple, layout_gridlike, slime_altar_1,
          gammafunk_ghost_ooze, basic_altar, serial_bayou_shore_b

Skill      XL: |  1  2  3  4  5  6  7  8  9 10 11 12 13 14 15 |
---------------+----------------------------------------------+-----
Transmutations | 2 3 4 6 7 9 10 11 | 11.0
Poison Magic   | 1 2 |  2.0
Unarmed Combat | 4 5 6 7 9 10 12 | 12.0
Fighting       | 4 8 10 11 12 | 12.0
Dodging        | 5 9 10 11 13 15 | 15.8
Ice Magic      | 3 |  3.0
Evocations     | 5 6 |  6.0
Armour         | 4 6 |  6.0
Spellcasting   | 4 |  4.0

Action                   |  1- 3 |  4- 6 |  7- 9 | 10-12 | 13-15 || total
-------------------------+-------+-------+-------+-------+-------++-------
Melee: Unarmed           |    80 |   102 |   503 |   434 |   593 ||  1712
       Kick              |    22 |    13 |    47 |   109 |   164 ||   355
       Headbutt          |     6 |     4 |    14 |     5 |       ||    29
       Peck              |     3 |     7 |    25 |    64 |    89 ||   188
       Punch             |       |     2 |     8 |    16 |    21 ||    47
 Cast: Beastly Appendage |    18 |    12 |    22 |     6 |       ||    58
       Spider Form       |       |     5 |    33 |     5 |       ||    43
       Blade Hands       |       |       |     5 |    53 |    80 ||   138
       Ice Form          |       |       |       |     1 |    14 ||    15
Invok: Lunge             |       |       |       |    15 |    52 ||    67
       Whirlwind         |       |       |       |     7 |    34 ||    41
 Abil: Fly               |       |     1 |       |       |       ||     1
Evoke: Wand              |       |       |       |     1 |     2 ||     3
  Use: Potion            |       |     2 |     8 |     1 |       ||    11
       Scroll            |       |    11 |     7 |     5 |    11 ||    34
 Stab: Sleeping          |     2 |       |     1 |       |       ||     3
       Distracted        |       |       |     1 |       |       ||     1
       Paralysed         |       |       |       |     5 |       ||     5
       Fleeing           |       |       |       |       |     3 ||     3
Armor: Robe              |    17 |    11 |    39 |    13 |       ||    80
       Skin              |       |     8 |    19 |     4 |    14 ||    45
       Acid dragon scale |       |       |       |    41 |    66 ||   107
Dodge: Dodged            |    59 |    90 |   390 |   314 |   490 ||  1343

Table legend: (Time is in decaauts)
 A = Elapsed time spent in this place.
 B = Non-inter-level travel time spent in this place.
 C = Inter-level travel time spent in this place.
 D = Time resting spent in this place.
 E = Time spent auto-exploring this place.
 F = Levels seen in this place.
 G = Mean time per level.
                   A        B        C        D        E       F      G
               +--------+--------+--------+--------+--------+-----+--------+
         Total |  34921 |  33920 |   1001 |   9385 |  20043 |  23 | 1518.3 |
       Dungeon |  21581 |  21054 |    527 |   4826 |  13456 |  14 | 1541.5 |
        Temple |    146 |    131 |     15 |     39 |     84 |   1 |  146.0 |
          Lair |  11686 |  11227 |    459 |   3580 |   6382 |   6 | 1947.7 |
       Ossuary |   1018 |   1018 |      0 |    702 |     79 |   1 | 1018.0 |
        Bailey |    489 |    489 |      0 |    237 |     40 |   1 |  489.0 |
               +--------+--------+--------+--------+--------+-----+--------+

Top non-repeatable levels by time:
    D:13: 3996 daAuts
  Lair:5: 2879 daAuts
  Lair:6: 2119 daAuts
  Lair:3: 2113 daAuts
     D:7: 2093 daAuts
    D:11: 1788 daAuts
  Lair:4: 1768 daAuts
     D:8: 1721 daAuts
    D:12: 1716 daAuts
     D:3: 1630 daAuts
     D:9: 1457 daAuts
     D:6: 1454 daAuts
  Lair:2: 1434 daAuts
     D:5: 1382 daAuts
  Lair:1: 1370 daAuts
